 Dungeon Crawl Stone Soup version 0.23.2-1-ga50397a (webtiles) character file.

Game seed: 7129398534381365426

208 IBeShadow the Skirmisher (level 5, -2/57 HPs)
             Began as a Demonspawn Chaos Knight on May 20, 2019.
             Was a Plaything of Xom.
             Slain by an ogre
             ... wielding a +0 giant club
              (3 damage)
             ... on level 4 of the Dungeon.
             The game lasted 00:04:31 (2241 turns).

IBeShadow the Skirmisher (Demonspawn Chaos Knight)  Turns: 2241, Time: 00:04:32

Health: -2/57      AC: 22    Str: 18    XL:     5   Next: 55%
Magic:  5/5        EV:  2    Int: 13    God:    Xom [......]
Gold:   173        SH:  0    Dex: 13    Spells: 4/4 levels left

rFire    . . .     SeeInvis .   (no weapon)
rCold    . . .     Gourm    .   (no shield)
rNeg     + + +     Faith    .   (armour currently unavailable)
rPois    +         Spirit   .   (helmet currently unavailable)
rElec    .         Reflect  .   (cloak currently unavailable)
rCorr    .         Harm     .   (gloves currently unavailable)
MR       .....     NoTele   +   (boots currently unavailable)
Stlth    +.........             (no amulet)
HPRegen  0.19/turn              (no ring)
MPRegen  0.09/turn              (no ring)

@: mighty, tree-form
A: repulsion field 1, blurry vision 1, frail 1, wild magic 1, flame cloud
immunity
a: Renounce Religion


You were on level 4 of the Dungeon.
You worshipped Xom.
You were a very special plaything of Xom.
You were hungry.
You were a tree.
You visited 1 branch of the dungeon, and saw 4 of its levels.

You collected 173 gold pieces.

Inventory:

Hand Weapons
 a - a +0 mace of chaos
Armour
 b - a +2 leather armour
 e - a +0 cloak (melded)
 i - +0 pearl dragon scales (melded)
Jewellery
 n - an uncursed ring of fire
Scrolls
 f - a scroll of teleportation {unknown}
 h - a scroll of enchant armour {unknown}
 k - 3 scrolls of identify {unknown}
 l - a scroll of remove curse {unknown}
 m - 3 scrolls of blinking {unknown}
 o - a scroll of magic mapping {unknown}
Potions
 g - a potion of lignification
Comestibles
 c - 6 rations


   Skills:
 + Level 4.9 Fighting
 - Level 4.4 Maces & Flails
 + Level 1.7 Armour
 + Level 0.8 Dodging
 * Level 0.0 Unarmed Combat


You had 4 spell levels left.
You didn't know any spells.
Your spell library was empty.

Dungeon Overview and Level Annotations

Branches:
Dungeon (4/15)
 Temple: D:4-7

Altars:
Vehumet
Yredelemnul


Innate Abilities, Weirdness & Mutations

((You have sharp fingernails.))
You are surrounded by a mild repulsion field. (EV +2)
((Your flesh is heat resistant. (rF+)))
You are immune to clouds of flame.
Scrolls take you a little longer to read.
You are frail. (-10% HP)
((You are covered in fur. (AC +1)))
Your spells are a little harder to cast, but a little more powerful.


Message History

It was a potion of lignification.
You turn into a tree.
Your +0 cloak melds into your body.
Your +0 pearl dragon scales melds into your body.
Your roots penetrate the ground.
Xom thinks this is hilarious!
The ogre hits you with a +0 giant club!
* * * LOW HITPOINT WARNING * * *
Unknown command.
Unknown command.
You barely miss the ogre.
The ogre is moderately wounded.
You hit the ogre.
The ogre is heavily wounded.
The ogre hits you with a +0 giant club.
* * * LOW HITPOINT WARNING * * *
Unknown command.
You feel very mighty all of a sudden. The ogre hits you with a +0 giant club.
You die...
Xom guffaws!

###########
#....O♣..<#
#.######### #.#
#######.########
..(.............
.######.########
#.# #.# #.#


You could see an ogre.

Vanquished Creatures
  A sky beast (D:3)
  An orc wizard (D:3)
  An adder (D:3)
  An ooze (D:2)
  2 dart slugs
  2 leopard geckos
  3 orcs (D:3)
  7 bats
  8 giant cockroaches
  4 goblins
  6 hobgoblins
  2 jackals (D:3)
  3 ball pythons
  5 frilled lizards
  13 kobolds
  10 rats
69 creatures vanquished.

Notes
Turn   | Place    | Note
-------+----------+-------------------------------------------
     0 | D:1      | IBeShadow the Demonspawn Chaos Knight began the quest for
                  | the Orb.
     0 | D:1      | Reached XP level 1. HP: 18/18 MP: 1/1
   176 | D:1      | XOM: potion effect (berserk rage)
   180 | D:1      | Gained mutation: You are surrounded by a mild repulsion
                  | field. (EV +2) [demonic ancestry]
   180 | D:1      | Reached XP level 2. HP: 24/24 MP: 2/2
   404 | D:1      | XOM: cloud trail
   596 | D:1      | XOM: summons 4 hostile shadow creatures
   630 | D:1      | XOM: torment (13/24 hp)
   773 | D:1      | Gained mutation: Scrolls take you a little longer to read.
                  | [potion of mutation]
   773 | D:1      | Gained mutation: You are covered in fur. (AC +1) [potion of
                  | mutation]
   773 | D:1      | Gained mutation: You are frail. (-10% HP) [potion of
                  | mutation]
   773 | D:1      | Gained mutation: Your spells are a little harder to cast,
                  | but a little more powerful. [potion of mutation]
   802 | D:2      | Gained mutation: Your flesh is heat resistant. (rF+)
                  | [demonic ancestry]
   802 | D:2      | Reached XP level 3. HP: 26/26 MP: 3/3
  1068 | D:2      | XOM: mild Chrm miscast
  1114 | D:2      | Found a basalt altar of Yredelemnul.
  1181 | D:2      | XOM: severe Tmut miscast
  1545 | D:3      | Found a radiant altar of Vehumet.
  1828 | D:3      | Gained mutation: You are immune to clouds of flame.
                  | [demonic ancestry]
  1828 | D:3      | Reached XP level 4. HP: 33/33 MP: 4/4
  1836 | D:3      | XOM: cleaving
  1922 | D:3      | Noticed a sky beast
  1966 | D:3      | Killed a sky beast
  1966 | D:3      | Gained mutation: You have sharp fingernails. [demonic
                  | ancestry]
  1966 | D:3      | Reached XP level 5. HP: 25/38 MP: 5/5
  2166 | D:3      | XOM: harmless Erth miscast
  2218 | D:4      | Noticed an ogre
  2240 | D:4      | HP: 1/57 [ogre/+0 giant club (4)]
  2241 | D:4      | Slain by an ogre

Skill      XL: |  1  2  3  4 |
---------------+-------------+-----
Maces & Flails | 3 4 |  4.4
Fighting       | 4 |  4.9
Armour         | |  1.7
Dodging        | |  0.8

Action                   |  1- 3 |  4- 6 || total
-------------------------+-------+-------++-------
Melee: Mace              |   149 |    54 ||   203
       Unarmed           |    12 |     9 ||    21
  Use: Potion            |     4 |     3 ||     7
 Stab: Petrifying        |       |     1 ||     1
  Eat: Chunk             |     3 |     1 ||     4
Armor: Leather armour    |    66 |       ||    66
       Pearl dragon scal |    14 |    45 ||    59
Dodge: Dodged            |   130 |    49 ||   179
